 Dungeon Crawl Stone Soup version 0.31.0-12-g77e489cdc1 (webtiles) character file.

Game seed: 7804742192818770797

7796 spaghetti the Warrior (level 11, -4/108 (123) HPs)
             Began as an Oni Chaos Knight on Feb 15, 2024.
             Was a Plaything of Xom.
             Slain by a white ugly thing (8 damage)
             ... on level 10 of the Dungeon.
             The game lasted 00:12:41 (8741 turns).

spaghetti the Warrior (Oni Chaos Knight)            Turns: 8741, Time: 00:12:41

HP:   -4/108 (123)  AC:  6    Str: 18 (20) XL:     11   Next: 20%
MP:   11/11         EV: 10    Int: 23 (25) God:    Xom [..*...]
Gold: 541           SH:  0    Dex:  9 (11) Spells: 7/10 levels left

rFire   . . .        x - +5 quarterstaff (chaos)
rCold   + . .        (shield currently unavailable)
rNeg    . . .        l - +0 robe of the Robin {Rampage *Corrode Int+9}
rPois   .            (helmet restricted)
rElec   .            j - +2 cloak {rCorr}
rCorr   +            (gloves unavailable)
SInv    .            (boots unavailable)
Will    ++...        i - amulet of regeneration
Stlth   +            g - ring of willpower
HPRegen 1.18/turn    (no ring)
MPRegen 0.12/turn

%: corrode self (3%), rampage
@: studying Staves, heavily drained
A: large, unfitting armour, horns 1, tough skin 1, double potion healing,
drunken brawling, hooves 1, agile 1, clever 1, cold resistance 1, frail 1,
screaming 1
a: Renounce Religion


You were on level 10 of the Dungeon.
You worshipped Xom.
You were a toy of Xom.
You visited 1 branch of the dungeon, and saw 10 of its levels.

You collected 541 gold pieces.

Inventory:

Hand Weapons
 o - the +11 falchion of the Fray {antimagic, *Slow rElec rC+++ SInv}
   (You found it on level 6 of the Dungeon)

   rC+++:     It renders you almost immune to cold.
   rElec:     It insulates you from electricity.
   SInv:      It lets you see invisible.
   *Slow:     It may slow you when you take damage.
 x - a +5 quarterstaff of chaos (weapon)
Missiles
 v - a throwing net (quivered)
Armour
 b - a +2 robe
 j - a +2 cloak of preservation (worn)
 l - the +0 robe of the Robin (worn) {Rampage *Corrode Int+9}
   (You found it on level 2 of the Dungeon)

   Int+9:     It affects your intelligence (+9).
   *Corrode:  It may corrode you when you take damage.
   Rampage:   It bestows one free step when moving towards enemies.
 q - +0 steam dragon scales
Jewellery
 d - an amulet of reflection
 f - an amulet of faith
 g - a ring of willpower (left hand)
 i - an amulet of regeneration (around neck)
 p - a ring of resist corrosion
Wands
 h - a wand of quicksilver (2)
 k - a wand of roots (9)
 n - a wand of digging (2)
 t - a wand of flame (12)
Scrolls
 c - a scroll of teleportation
 m - 5 scrolls of identify
 r - a scroll of immolation
 u - a scroll of butterflies
Potions
 e - 3 potions of brilliance
Miscellaneous
 s - a phantom mirror (inert)


   Skills:
 - Level 16.7 Fighting
 - Level 7.1(8.6) Maces & Flails
 + Level 7.3(8.7) Staves
 - Level 2.1 Dodging
 + Level 4.6 Summonings
 + Level 4.6 Ice Magic


You had 7 spell levels left.
You knew the following spells:

 Your Spells              Type           Power      Damage    Failure   Level
a - Summon Ice Beast      Ice/Summ       21%        N/A       7%          3

Your spell library contained the following spells:

 Spells                   Type           Power      Damage    Failure   Level
 Magic Dart               Conj           0%         1d3       16%         1
 Hailstorm                Conj/Ice       10%        3d6       19%         3
 Searing Ray              Conj           0%         2d4       24%         2
 Fulminant Prism          Conj/Alch      0%         3d5       83%         4
 Sculpt Simulacrum        Ice/Alch       5%         N/A       100%        6


Dungeon Overview and Level Annotations

Branches:
Dungeon (10/15)            Temple (0/1) D:7            Lair (0/5) D:8
    Orc: D:9-12

Altars:
Elyvilon
Fedhas
Hepliaklqana
Kikubaaqudgha
Okawaru
Qazlal
Uskayaw
Vehumet
Xom
Yredelemnul
The Shining One

Annotations:
D:5 1 runed translucent door, jimmypageman's ghost, amateur MiFi
D:6 exclusion: statue
D:8 3 runed translucent doors, Melum's ghost, novice OnAE


Innate Abilities, Weirdness & Mutations

You are too large for most types of armour.
You have a pair of small horns on your head.
You have tough skin. (AC +1)
You gain doubled healing and magic from potions.
Whenever you drink a healing potion, you attack all around you.
You have large cloven feet.
You are agile. (Dex +4, Str/Int -1)
Your mind is acute. (Int +4, Str/Dex -1)
Your flesh is cold resistant. (rC+)
You are frail. (-10% HP)
You occasionally shout uncontrollably at your foes.


Message History

You barely miss the gargoyle.
You kick the gargoyle, but do no damage.
Your headbutt misses the gargoyle.
The gargoyle is severely damaged.
The gargoyle barely misses you.
Okay, then.
Okay, then.
Aiming: Phantom Mirror
Press: ? - help, Dir - move target, f - white ugly thing
Aim: a white ugly thing You reflect the white ugly thing with the mirror!
The mirror clouds!
The gargoyle hits you with a +0 flail!
* * * LOW HITPOINT WARNING * * *
The gargoyle hits you with a +0 flail.
* * * LOW HITPOINT WARNING * * *
Your white ugly thing stings the white ugly thing but does no damage.
Unknown command.
Unknown command.
It was a potion of degeneration.
There was something very wrong with that liquid.
You feel weakened.
You feel dopey.
You feel clumsy. The gargoyle completely misses you.
A yak comes into view.
The white ugly thing stings you!
* * * LOW HITPOINT WARNING * * *
The white ugly thing freezes you. You resist.
* * * LOW HITPOINT WARNING * * *
Your white ugly thing stings the white ugly thing but does no damage.
Unknown command.
Okay, then.
The gargoyle hurls a stone arrow at you.
The stone arrow misses you.
The gargoyle hurls a stone arrow at you.
The stone arrow misses you.
The white ugly thing attacks as it pursues you!
The white ugly thing stings you.
* * * LOW HITPOINT WARNING * * *
The white ugly thing freezes you! You resist.
You die...
Xom giggles madly!

.# ##Y #.. # ##.#
#.## #..# #
...##.u# .#
#.9..## ###..#
#...u.####....##
###...@....[......
#.............#
#####..#...##.#
.)..........#
########)##### #.#
#.# #.#
########.########


You could see a white ugly thing (ally target), a yak, a gargoyle (fast) and a
friendly white ugly thing (summoned, drained).

Vanquished Creatures
  Erica (D:8)
  2 hornets
  Grinder (D:6)
  Sigmund (D:5)
  A wraith (D:9)
  4 yaks (D:8)
  2 wyverns
  A steam dragon (D:7)
  An acid dragon (D:7)
  5 water moccasins
  4 ice beasts
  3 sky beasts
  3 orc warriors
  2 black bears
  A wolf (shapeshifter) (D:8)
  An ogre (D:7)
  5 centaurs
  A wolf (D:8)
  2 phantoms
  3 kobold brigands
  5 bullfrogs
  2 gnoll sergeants (D:10)
  4 scorpions
  3 burial acolytes (D:9)
  7 wights
  A hornet simulacrum (D:8)
  3 killer bees (D:6)
  2 electric eels (D:8)
  4 centaur zombies (D:9)
  A bullfrog zombie (D:5)
  3 hounds
  2 jellies
  4 orc priests
  Crazy Yiuf (D:2)
  A wyvern simulacrum (D:8)
  A centaur skeleton (D:9)
  A human zombie (D:9)
  3 iguanas
  2 orc wizards (D:7)
  A killer bee zombie (D:9)
  A centaur simulacrum (D:8)
  A hound zombie (D:5)
  11 gnolls
  4 adders
  2 white imps
  2 dart slugs
  15 orcs
  3 ball pythons (D:4)
  5 endoplasms
  5 giant cockroaches
  3 goblins
  3 hobgoblins
  12 kobolds
  2 quokkas (D:1)
  6 bats
  4 frilled lizards
  7 rats
181 creatures vanquished.

Vanquished Creatures (collateral kills)
  Jeremiah (D:6)
  A black bear (D:8)
  An orc (D:9)
3 creatures vanquished.

Vanquished Creatures (others)
  5 kobolds (D:8)
5 creatures vanquished.

Grand Total: 189 creatures vanquished

Notes
Turn   | Place    | Note
-------+----------+-------------------------------------------
     0 | D:1      | spaghetti the Oni Chaos Knight began the quest for the Orb.
     0 | D:1      | Reached XP level 1. HP: 24/24 MP: 1/1
   238 | D:1      | XOM: silly message
   278 | D:1      | Reached XP level 2. HP: 29/33 MP: 2/2
   300 | D:1      | XOM: silly message
   580 | D:1      | XOM: cloud trail
   682 | D:1      | Found a faded altar of an unknown god.
   900 | D:2      | Reached XP level 3. HP: 27/41 MP: 3/3
  1091 | D:2      | XOM: silly message
  1121 | D:2      | Found a runed translucent door.
  1122 | D:2      | Noticed Crazy Yiuf
  1329 | D:2      | Identified the +0 robe of the Robin {Rampage *Corrode
                  | Int+9}
  1686 | D:2      | Killed Crazy Yiuf
  1687 | D:2      | Reached skill level 5 in Fighting
  1687 | D:2      | Reached XP level 4. HP: 34/50 MP: 4/4
  2078 | D:3      | XOM: cloud trail
  2093 | D:3      | XOM: 8-stop teleportation journey
  3022 | D:4      | Reached XP level 5. HP: 55/59 MP: 5/5
  3033 | D:4      | Found a hazy altar of Hepliaklqana.
  3076 | D:4      | Found a white marble altar of Elyvilon.
  3421 | D:4      | XOM: noise
  3424 | D:4      | XOM: god gift: curved silver wand {god gift}
  3440 | D:5      | Entered Level 5 of the Dungeon
  3446 | D:5      | Reached skill level 6 in Fighting
  3467 | D:5      | Noticed Sigmund
  3474 | D:5      | Killed Sigmund
  3475 | D:5      | Reached skill level 5 in Maces & Flails
  3475 | D:5      | Reached XP level 6. HP: 52/68 MP: 6/6
  3480 | D:5      | Reached skill level 7 in Fighting
  3515 | D:5      | XOM: 2-stop teleportation journey
  3527 | D:5      | Noticed a water moccasin
  3643 | D:6      | Reached XP level 7. HP: 79/79 MP: 7/7
  3724 | D:6      | Found a radiant altar of Vehumet.
  3941 | D:6      | Gained mutation: Your flesh is cold resistant. (rC+)
                  | [potion of mutation]
  3941 | D:6      | Gained mutation: You are agile. (Dex +4, Str/Int -1)
                  | [potion of mutation]
  3943 | D:6      | Reached skill level 8 in Fighting
  3951 | D:6      | XOM: destruction
  3989 | D:6      | Noticed Grinder
  3996 | D:6      | Paralysed by Grinder for 2 turns
  4008 | D:6      | XOM: cleaving
  4014 | D:6      | Killed Grinder
  4015 | D:6      | Reached skill level 9 in Fighting
  4015 | D:6      | Reached XP level 8. HP: 53/92 MP: 8/8
  4054 | D:6      | Identified the +11 falchion of the Fray {antimagic, *Slow
                  | rElec rC+++ SInv}
  4140 | D:6      | XOM: god gift: 30 gold pieces
  4224 | D:6      | Noticed Jeremiah
  4226 | D:6      | XOM: fake destruction
  4299 | D:6      | XOM: god gift: dagger {god gift}
  4338 | D:6      | XOM: noise
  4446 | D:6      | XOM: summons friendly iron imp
  4479 | D:6      | Noticed a wyvern
  4484 | D:6      | XOM: enchant monster (good)
  4486 | D:6      | Killed a wyvern
  4487 | D:6      | Reached skill level 10 in Fighting
  4747 | D:6      | Reached skill level 11 in Fighting
  4749 | D:6      | XOM: summons 3 friendly demons
  4760 | D:6      | XOM: summons 8 friendly demons
  4780 | D:6      | Killed Jeremiah
  4781 | D:6      | Reached skill level 12 in Fighting
  4915 | D:6      | Reached XP level 9. HP: 106/106 MP: 3/9
  4919 | D:6      | XOM: summons 1 hostile demon
  4989 | D:7      | Found a staircase to the Ecumenical Temple.
  5041 | D:7      | Reached skill level 13 in Fighting
  5109 | D:7      | Found a hide-covered altar of Uskayaw.
  5118 | D:7      | Found a blossoming altar of Fedhas.
  5134 | D:7      | XOM: cast spell 'Animate Armour'
  5261 | D:7      | Noticed a hornet
  5262 | D:7      | XOM: scenery: create altars
  5265 | D:7      | XOM: confuse monster(s)
  5266 | D:7      | Reached skill level 14 in Fighting
  5272 | D:7      | XOM: enchant monster (good)
  5275 | D:7      | Killed a hornet
  5279 | D:7      | XOM: repel stairs
  5360 | D:7      | Reached skill level 15 in Fighting
  5622 | D:7      | XOM: fog
  5813 | D:8      | You fall into a shaft and drop 1 floor!
  5824 | D:9      | Reached XP level 10. HP: 116/127 MP: 10/10
  5842 | D:9      | XOM: destruction
  5845 | D:9      | XOM: fog
  5845 | D:9      | Paralysed by a hornet for 2 turns
  5846 | D:9      | XOM: smoke on damage
  5854 | D:9      | Reached skill level 16 in Fighting
  5984 | D:9      | XOM: summons friendly ufetubus
  6150 | D:9      | Found an iron altar of Okawaru.
  6177 | D:9      | Found a stormy altar of Qazlal.
  6244 | D:9      | Learned a level 3 spell: Summon Ice Beast
  6419 | D:5      | Found a runed translucent door.
  6428 | D:5      | Noticed jimmypageman's ghost (amateur MiFi)
  6658 | D:5      | Found a basalt altar of Yredelemnul.
  7059 | D:8      | Found a runed translucent gate.
  7059 | D:8      | Found a runed translucent gate.
  7059 | D:8      | Found a runed translucent gate.
  7066 | D:8      | Reached skill level 1 in Summonings
  7066 | D:8      | Reached skill level 1 in Ice Magic
  7072 | D:8      | Reached skill level 1 in Staves
  7074 | D:8      | Found a staircase to the Lair.
  7078 | D:8      | XOM: enchant monster (bad)
  7095 | D:8      | XOM: fake destruction
  7101 | D:8      | XOM: destruction
  7132 | D:8      | XOM: god gift: great sword {god gift}
  7264 | D:8      | XOM: polymorph steam dragon -> shapeshifter
  7277 | D:8      | XOM: god gift: sharpened lead wand {god gift}
  7293 | D:8      | XOM: enchant monster (good)
  7334 | D:8      | Noticed Erica
  7340 | D:8      | XOM: silly message
  7343 | D:8      | Killed Erica
  7344 | D:8      | Reached skill level 5 in Staves
  7509 | D:8      | XOM: noise
  7521 | D:8      | XOM: silly message
  7650 | D:8      | XOM: noise
  7697 | D:8      | XOM: potion effect (invisibility)
  7698 | D:8      | XOM: confuse monster(s)
  7702 | D:8      | Reached XP level 11. HP: 125/137 MP: 11/11
  7903 | D:8      | Noticed Melum's ghost (novice OnAE)
  7912 | D:8      | Found the +0 pair of fencer's gloves {Riposte Dex+3}
  7955 | D:9      | XOM: 10-stop teleportation journey
  7966 | D:9      | XOM: silly message
  8035 | D:9      | Found an ancient bone altar of Kikubaaqudgha.
  8240 | D:9      | Found a glowing golden altar of the Shining One.
  8246 | D:9      | XOM: give mutations
  8246 | D:9      | Gained mutation: You are frail. (-10% HP) [Xom's mischief]
  8246 | D:9      | Gained mutation: You have large cloven feet. [Xom's
                  | mischief]
  8246 | D:9      | Gained mutation: You occasionally shout uncontrollably at
                  | your foes. [Xom's mischief]
  8246 | D:9      | Gained mutation: Your mind is acute. (Int +4, Str/Dex -1)
                  | [Xom's mischief]
  8325 | D:10     | Entered Level 10 of the Dungeon
  8364 | D:10     | XOM: draining
  8478 | D:10     | Found the +3 greatsling "Punk" {acid, rCorr}
  8495 | D:10     | XOM: chaos upgrade
  8500 | D:10     | XOM: enchant monster (bad)
  8733 | D:10     | Noticed a white ugly thing
  8741 | D:10     | HP: 4/108 [white ugly thing (5)]
  8741 | D:10     | Slain by a white ugly thing

Illustrated notes

Levels and vault maps discovered:
D:1:      lemuel_arrival_hallway, layout_basic,
          dreamdust_ecumenical_altar_angels_and_demons
D:2:      layout_loops_corners, serial_bayou, serial_bayou_pond_a,
          serial_bayou_lagoon_b, serial_bayou_ford_a, serial_bayou_lagoon_a,
          uniq_crazy_yiuf_cottage
D:3:      layout_loops_ring
D:4:      layout_basic, lemuel_crystal_altar, nzn_hepliaklqana_mist_gate
D:5:      layout_rooms, lemuel_zombie_altar_yredelemnul, ebering_ghost_sewer_d,
          uniq_sigmund
D:6:      layout_basic, vehumet_statue, minmay_manual_macuahuitl, uniq_grinder,
          uniq_jeremiah
D:7:      layout_cave_pools, mainiacjoe_overflow_swirl,
          minmay_temple_entry_poolview, minmay_misc_feat_roman
D:8:      layout_basic, due_lair_maze_entry_diamond, biasface_ghost_orc_armoury,
          serial_ice, serial_ice_m, serial_ice_d, serial_ice_j, serial_ice_o,
          uniq_erica
D:9:      layout_rooms, mainiacjoe_overflow_boulevard,
          lemuel_mausoleum_altar_kikubaaqudgha, nicolae_tso_carved_into_rock,
          lemuel_round_altar, serial_aquarium, aquarium_bridge_square
          [aquarium_subvault_bridge, aquarium_subvault_window,
          aquarium_subvault_bridge, aquarium_subvault_wall],
          aquarium_bridge_island_small [aquarium_subvault_small_open,
          aquarium_subvault_window, aquarium_subvault_bridge,
          aquarium_subvault_bridge, aquarium_subvault_wall],
          aquarium_window_fake, aquarium_window_fake, aquarium_view_2a,
          aquarium_view_2a, aquarium_balcony_1b
D:10:     lemuel_ogre_cave, layout_loops_corners, special_room
          [special_room_bee], minmay_alternating_orb

Skill      XL: |  1  2  3  4  5  6  7  8  9 10 11 |
---------------+----------------------------------+-----
Fighting       | 5 6 7 9 12 15 16 | 16.7
Maces & Flails | 4 5 7 |  7.1
Summonings     | 3 4 |  4.6
Ice Magic      | 3 4 |  4.6
Staves         | 6 7 |  7.3
Dodging        | |  2.1

Action                     |  1- 3 |  4- 6 |  7- 9 | 10-12 || total
---------------------------+-------+-------+-------+-------++-------
  Melee: Mace              |    69 |    72 |   202 |    66 ||   409
         Headbutt          |     8 |    12 |    57 |    43 ||   120
         Punch             |     1 |       |     6 |     3 ||    10
         Falchion          |       |       |    64 |       ||    64
         Quarterstaff      |       |       |       |   175 ||   175
         Kick              |       |       |       |    20 ||    20
   Cast: Summon Ice Beast  |       |       |       |     1 ||     1
  Evoke: Wand              |       |     1 |       |     2 ||     3
         Phantom mirror    |       |       |       |     1 ||     1
    Use: Potion            |     2 |     2 |     5 |     9 ||    18
         Scroll            |       |     5 |     7 |     2 ||    14
   Stab: Sleeping          |     1 |       |     1 |     4 ||     6
         Distracted        |       |       |     3 |       ||     3
         Confused          |       |       |     4 |       ||     4
         Invisible         |       |       |       |     1 ||     1
 Armour: Robe              |    64 |    57 |   250 |   213 ||   584
         Skin              |       |       |       |    91 ||    91
  Dodge: Dodged            |    51 |    37 |   147 |   146 ||   381
  Block: Other             |     1 |       |       |       ||     1
